 Dungeon Crawl Stone Soup version 0.24-a0-250-g6074511 (webtiles) character file.

Game seed: 11938765849009383292

126 Borgoz the Cutter (level 5, 0/32 HPs)
             Began as a Kobold Gladiator on Apr 14, 2019.
             Slain by a shadow imp (1 damage)
             ... summoned by Natasha
             ... on level 2 of the Dungeon.
             The game lasted 00:02:33 (1800 turns).

Borgoz the Cutter (Kobold Gladiator)                Turns: 1800, Time: 00:02:34

Health: 0/32       AC:  4    Str: 10 (12) XL:     5   Next: 32%
Magic:  5/5        EV: 16    Int:  8 (10) God:
Gold:   78         SH:  0    Dex: 15 (16) Spells: 4/4 levels left

rFire    . . .     SeeInvis .   a - +0 rapier
rCold    . . .     Gourm    .   (shield restricted)
rNeg     . . .     Faith    .   b - +0 leather armour
rPois    .         Spirit   .   c - +0 helmet
rElec    .         Reflect  .   (no cloak)
rCorr    .         Harm     .   (no gloves)
MR       .....                  (no boots)
Stlth    ++........             (no amulet)
HPRegen  0.10/turn              (no ring)
MPRegen  0.09/turn              (no ring)

@: flying, slowed, very slow
A: small, carnivore
a: no special abilities


You were on level 2 of the Dungeon.
You were very full.

You visited 1 branch of the dungeon, and saw 2 of its levels.

You collected 78 gold pieces.

Inventory:

Hand Weapons
 a - a +0 rapier (weapon)
Armour
 b - a +0 leather armour (worn)
 c - a +0 helmet (worn)
Jewellery
 j - an uncursed amulet of the gourmand {unknown}
Scrolls
 e - a scroll of identify {unknown}
 g - a scroll of magic mapping {unknown}
 h - 2 scrolls of random uselessness {unknown}
 k - a scroll of teleportation {unknown}
 m - a scroll of remove curse {unknown}
Potions
 i - a potion of flight
Comestibles
 f - 6 rations
 n - 7 chunks of flesh


   Skills:
 + Level 2.8 Fighting
 + Level 5.7 Short Blades
 - Level 2.1 Throwing
 + Level 1.2 Armour
 + Level 4.6 Dodging
 + Level 1.0 Stealth


You had 4 spell levels left.
You didn't know any spells.
Your spell library was empty.

Dungeon Overview and Level Annotations

Branches:
Dungeon (2/15)

Altars:

Annotations:
D:2 Natasha


Innate Abilities, Weirdness & Mutations

You are small and have problems with some larger weapons.
You are carnivorous and can eat meat at any time.


Message History

Natasha claws you but does no damage.
You barely miss Natasha. The hobgoblin closely misses you. Natasha claws you.
* * * LOW HITPOINT WARNING * * *
The hobgoblin misses you.
You hit Natasha but do no damage.
Natasha casts a spell.
The hobgoblin closely misses you. Natasha claws you!
* * * LOW HITPOINT WARNING * * *
You hit Natasha.
Natasha is lightly wounded.
The hobgoblin closely misses you. Natasha completely misses you.
The shadow imp barely misses you.
You hit Natasha.
Natasha is heavily wounded.
The hobgoblin hits you.
* * * LOW HITPOINT WARNING * * *
Natasha barely misses you.
The shadow imp shouts, "Run away, thou vain kobold-kissing clack-dish!"
The shadow imp hits you.
You die...

#...#......[............#
.........#<............##
.####.##.##.....#......#
.........#####.........#######.
####......##.....).....#.......
####................#.......
##..#...##.#....)..........
##..###.....5).#####........
#..## #####(h@.# ##........
#.## #.#g.####......... #.#
#.#...).g.######## ####.#
#.#.........w... .....# .
##............ .....#
......##........ .....#
#gg#............ .....# #.
#####........ .....# #
...[.....


You could see Natasha, a shadow imp and a hobgoblin.

Vanquished Creatures
  Natasha (D:2)
  Robin (D:2)
  3 adders (D:2)
  An ooze (D:1)
  2 worms (D:2)
  A dart slug (D:2)
  3 leopard geckos
  An orc (D:2)
  A giant cockroach (D:1)
  11 goblins
  7 hobgoblins
  3 kobolds
  9 bats
  3 frilled lizards
  A rat (D:1)
48 creatures vanquished.

Notes
Turn   | Place    | Note
-------+----------+-------------------------------------------
     0 | D:1      | Borgoz the Kobold Gladiator began the quest for the Orb.
     0 | D:1      | Reached XP level 1. HP: 12/12 MP: 1/1
   161 | D:1      | Reached XP level 2. HP: 18/18 MP: 2/2
   595 | D:1      | Reached XP level 3. HP: 19/22 MP: 3/3
  1111 | D:2      | Reached skill level 5 in Short Blades
  1121 | D:2      | Reached XP level 4. HP: 18/27 MP: 4/4
  1273 | D:2      | Noticed Natasha
  1298 | D:2      | Killed Natasha
  1298 | D:2      | Reached skill level 1 in Armour
  1406 | D:2      | Noticed Robin
  1427 | D:2      | Reached XP level 5. HP: 27/31 MP: 5/5
  1769 | D:2      | Noticed Natasha
  1785 | D:2      | Killed Robin
  1785 | D:2      | Reached skill level 1 in Stealth
  1798 | D:2      | HP: 1/32 [Natasha (7)]
  1800 | D:2      | Slain by a shadow imp

Levels and vault maps discovered:
D:1:      shiori_arrival_elements, layout_basic, minmay_misc_feat_iff
D:2:      minmay_spotlight, layout_rooms, uniq_natasha, uniq_robin

Skill      XL: |  1  2  3  4  5 |
---------------+----------------+-----
Dodging        | 4 |  4.6
Short Blades   | 5 |  5.7
Armour         | 1 |  1.2
Stealth        | 1 |  1.0
Fighting       | |  2.8
Throwing       | |  2.1

Action                   |  1- 3 |  4- 6 || total
-------------------------+-------+-------++-------
Melee: Rapier            |   114 |   106 ||   220
Throw: Throwing net      |       |     4 ||     4
  Use: Potion            |       |     2 ||     2
 Stab: Sleeping          |     1 |       ||     1
  Eat: Chunk             |     9 |     2 ||    11
Armor: Leather armour    |    31 |    14 ||    45
Dodge: Dodged            |   105 |   105 ||   210

Table legend:
 A = Non-vault XP
 B = Vault XP
 C = Vault XP percentage of total XP
 D = Non-vault monster count
 E = Vault monster count
 F = Vault count percentage of total count
                 A         B        C        D         E       F
            +---------+---------+-------+---------+---------+-------
      Total |      93 |      88 |  48.6 |      32 |      16 |  33.3
            +---------+---------+-------+---------+---------+-------
        D:1 |      41 |      12 |  22.6 |      22 |       6 |  21.4
        D:2 |      52 |      76 |  59.4 |      10 |      10 |  50.0
            +---------+---------+-------+---------+---------+-------
